 Dungeon Crawl Stone Soup version 0.17-a0-870-gcb215c1 (console) character file.

1000 sose the Destroyer (level 8, 0/36 HPs)
             Began as a Vine Stalker Conjurer on Apr 29, 2015.
             Slain by a quokka (2 damage)
             ... summoned by Eustachio
             ... on level 5 of the Dungeon.
             The game lasted 00:15:49 (4779 turns).

sose the Destroyer (Vine Stalker Conjurer)          Turns: 4779, Time: 00:15:49

Health: 0/36       AC:  4    Str: 11      XL:     8   Next: 19%
Magic:  0/13       EV: 12    Int: 17      God:
Gold:   204        SH:  0    Dex: 10 (15) Spells: 3 memorised, 6 levels left

rFire  . . .     SeeInvis .     t - +1 dagger (holy)
rCold  + . .     Clarity  .     a - +0 robe
rNeg   . . .     SustAb   .     (no shield)
rPois  .         Gourm    .     y - +0 helmet
rElec  .         Spirit   +     (no cloak)
rCorr  .         Warding  .     (no gloves)
rMut   .         Stasis   .     (no boots)
MR     ++...                    (no amulet)
Stlth  ++........               n - ring of protection from magic
                                G - ring of protection from cold

@: about to teleport, very resistant to hostile enchantments, unstealthy
A: fangs 3, regeneration 2, shaggy fur 1, magic shield, antimagic bite, no
device heal 3, rot immunity
a: no special abilities


You were on level 5 of the Dungeon.
You were not hungry.

You visited 1 branch of the dungeon, and saw 5 of its levels.

You collected 204 gold pieces.

Inventory:

Hand weapons
 t - a +1 dagger of holy wrath (weapon)
Armour
 a - a +0 robe (worn)
 r - a +2 buckler
 y - a +0 helmet (worn)
Jewellery
 h - an uncursed ring of flight
 n - a ring of protection from magic (right hand)
 G - a ring of protection from cold (left hand)
Scrolls
 e - a scroll of random uselessness {unknown}
 k - a scroll of noise
 m - a scroll of recharging
 o - 4 scrolls of remove curse
 s - a scroll of fear {unknown}
 v - a scroll of immolation {unknown}
 w - 2 scrolls of enchant weapon
 D - a scroll of amnesia {unknown}
 E - a scroll of blinking {unknown}
 F - a scroll of enchant armour {unknown}
 H - a scroll of identify
Potions
 d - 2 potions of curing
 i - 2 potions of haste {unknown}
 j - a potion of might {unknown}
 l - 3 potions of agility
 u - 2 potions of brilliance {unknown}
 z - a potion of degeneration {unknown}
 A - 2 potions of magic
 B - a potion of berserk rage {unknown}
 C - a potion of cure mutation {unknown}
Books
 b - a book of Conjurations

   Spells                             Type                      Level
   a - Magic Dart                     Conjuration                  1
   b - Searing Ray                    Conjuration                  2
   c - Dazzling Spray                 Conjuration/Hexes            3
   d - Fulminant Prism                Conjuration/Hexes            4
   e - Iskenderun's Mystic Blast      Conjuration                  4
   f - Iskenderun's Battlesphere      Conjuration/Charms           5
Comestibles
 c - 4 bread rations
 f - 2 meat rations
 g - a royal jelly
 q - 2 beef jerkies
 x - 2 fruits
 I - 10 chunks of flesh


   Skills:
 - Level 1.5 Dodging
 - Level 2.4 Stealth
 + Level 3.0 Spellcasting
 + Level 9.8 Conjurations


You had 6 spell levels left.
You knew the following spells:

 Your Spells              Type           Power        Failure   Level  Hunger
a - Magic Dart            Conj           ####         1%          1    None
b - Searing Ray           Conj           #####.       1%          2    ##.....
c - Iskenderun's Mystic   Conj           #####...     3%          4    ####...


Dungeon Overview and Level Annotations

Branches:
Dungeon (5/15)             Temple (0/1) D:5

Altars:
Gozag
Nemelex Xobeh
Zin

Annotations:
D:3 Terence
D:5 Eustachio


Innate Abilities, Weirdness & Mutations

You have razor-sharp teeth.
You heal very quickly.
You are covered in fur (AC +1).
When hurt, damage is shared between your health and your magic reserves.
Your bite disrupts and absorbs the magic of your enemies.
Potions and wands cannot restore your health.
You are immune to rotting.


Message History

The quokka bites you but does no damage.
The quokka closely misses you. The quokka completely misses you.
Unknown command.
Unknown command.
You hit Eustachio but do no damage.
Eustachio is heavily wounded.
The quokka barely misses you. x2
Eustachio zaps a wand.
You resist with almost no effort. The quokka barely misses you.
The quokka closely misses you.
The quokka bites you but does no damage.
The quokka misses you.
Unknown command.
Unknown command.
Unknown command.
You hit Eustachio. Your bite misses Eustachio.
Eustachio is severely wounded.
Eustachio zaps a wand.
You resist with almost no effort. The quokka bites you.
You die...

####### #.# #.. #.# ###
###### #.#
#....#######.#####
#.....##..........
#.....##..........
#.....##.....(....
#rr...##.......[..
######@r..5.#.........)
#.....@r.....)...r.....
#.............)........
#.........#####.5......
#.......### ###.5....
#......## ##.....
#.....## ##.... #######
#.... ##...


You could see Eustachio, an iron imp and 4 quokkas.

Vanquished Creatures
  Sigmund (D:5)
  An ice beast (D:5)
  2 ogres (D:4)
  A scorpion (D:5)
  A centaur zombie (D:5)
  A crimson imp (D:5)
  A jelly (D:5)
  3 orc priests
  A hound zombie (D:5)
  2 worker ant zombies (D:5)
  11 gnolls
  6 adders
  2 oozes
  An adder zombie (D:5)
  A worm (D:2)
  15 orcs
  11 hobgoblins
  8 jackals
  4 quokkas
  2 ball pythons
  13 bats
  3 giant cockroaches
  4 giant geckos
  5 giant newts
  14 goblins
  7 kobolds
  11 rats
132 creatures vanquished.

Vanquished Creatures (others)
  A fungus (D:4)
1 creature vanquished.

Grand Total: 133 creatures vanquished

Notes
Turn   | Place    | Note
--------------------------------------------------------------
     0 | D:1      | sose, the Vine Stalker Conjurer, began the quest for the Orb.
     0 | D:1      | Reached XP level 1. HP: 9/9 MP: 4/4
   119 | D:1      | Reached XP level 2. HP: 13/13 MP: 1/6
   418 | D:1      | Learned a level 2 spell: Searing Ray
   583 | D:1      | Reached XP level 3. HP: 16/16 MP: 3/7
   994 | D:2      | Reached skill level 5 in Conjurations
  1018 | D:2      | Found an opulent altar of Gozag.
  1506 | D:2      | Reached XP level 4. HP: 21/21 MP: 3/8
  1681 | D:2      | Reached skill level 6 in Conjurations
  1742 | D:2      | Learned a level 4 spell: Iskenderun's Mystic Blast
  2032 | D:3      | Reached XP level 5. HP: 24/24 MP: 7/9
  2043 | D:3      | Noticed Terence
  2662 | D:4      | Noticed an ogre
  2669 | D:4      | Killed an ogre
  2669 | D:4      | Reached skill level 7 in Conjurations
  2669 | D:4      | Gained mutation: You heal very quickly. [Vine Stalker growth]
  2669 | D:4      | Reached XP level 6. HP: 28/28 MP: 3/10
  3170 | D:4      | Found a glowing silver altar of Zin.
  3253 | D:4      | Found a sparkling altar of Nemelex Xobeh.
  3284 | D:4      | Noticed an ogre
  3298 | D:4      | Killed an ogre
  3355 | D:5      | Entered Level 5 of the Dungeon
  3412 | D:5      | Found a staircase to the Ecumenical Temple.
  3440 | D:5      | Reached skill level 8 in Conjurations
  3447 | D:5      | Noticed Sigmund
  3497 | D:5      | Reached XP level 7. HP: 21/32 MP: 0/11
  3947 | D:5      | Reached skill level 9 in Conjurations
  4627 | D:5      | Killed Sigmund
  4627 | D:5      | Gained mutation: You have razor-sharp teeth. [Vine Stalker growth]
  4627 | D:5      | Reached XP level 8. HP: 36/36 MP: 1/13
  4730 | D:5      | Noticed Eustachio
  4777 | D:5      | HP: 1/36 [Eustachio/rapier of electrocution (8)]
  4779 | D:5      | Slain by a quokka

Action                   |  1- 3 |  4- 6 |  7- 9 || total
-------------------------+-------+-------+-------++-------
Melee: Unarmed           |     5 |       |       ||     5
       Dagger            |    65 |    44 |    78 ||   187
 Cast: Magic Dart        |    56 |    97 |    39 ||   192
       Searing Ray       |     4 |     6 |    12 ||    22
       Iskenderun's Myst |       |       |     8 ||     8
  Use: Scroll            |       |     4 |     4 ||     8
 Stab: Sleeping          |     1 |       |       ||     1
       Distracted        |       |       |     1 ||     1
  Eat: Chunk             |     3 |     7 |     7 ||    17
       Fruit             |       |     1 |       ||     1
